 Seeded DCSS version 0.25.1-1-g288607f (webtiles) character file.

Game seed: 7836045750160665886 (custom seed)

25000 Auros the Quickloader (level 12, -2/101 HPs)
             Began as a Minotaur Fighter on July 19, 2020.
             Was the Champion of Okawaru.
             Slain by a mana viper (11 damage)
             ... on level 1 of the Snake Pit on Aug 23, 2020.
             The game lasted 01:03:37 (17850 turns).

Auros the Quickloader (Minotaur Fighter)           Turns: 17850, Time: 01:03:37

Health: -2/101     AC: 17    Str: 26    XL:     12   Next: 85%
Magic:  0/11       EV: 10    Int: 11    God:    Okawaru [******]
Gold:   985        SH: 14    Dex: 10    Spells: 11/11 levels left

rFire    + + .     SeeInvis .   a - +12 hand axe of Ocuarut {freeze, rF++ rC+}
rCold    + . .     Gourm    .   r - +1 kite shield
rNeg     . . .     Faith    +   L - +1 chain mail {rPois}
rPois    +         Spirit   .   S - +1 hat
rElec    .         Reflect  .   R - +2 cloak
rCorr    .         Harm     .   (no gloves)
MR       .....                  T - +0 pair of boots
Stlth    ..........             C - amulet of faith
HPRegen  0.26/turn              F - ring of flight
MPRegen  0.12/turn              J - +6 ring of intelligence

@: hasted, very quick
A: retaliatory headbutt, horns 2
a: Heroism, Finesse, Renounce Religion, Evoke Flight


You were on level 1 of the Snake Pit.
You worshipped Okawaru.
Okawaru was exalted by your worship.
You were hungry.

You visited 3 branches of the dungeon, and saw 15 of its levels.

You collected 985 gold pieces.

Inventory:

Hand Weapons
 a - the +12 hand axe of Ocuarut (weapon) {freeze, rF++ rC+}
   (You found it on level 9 of the Dungeon)

   It has been specially enchanted to freeze those struck by it, causing extra
   injury to most foes and up to half again as much damage against particularly
   susceptible opponents.
   It can also slow down cold-blooded creatures.
   It greatly protects you from fire.
   It protects you from cold.
 w - the +11 hand crossbow of Annoyance {speed, rF+ Int+6}
   (You found it on level 7 of the Dungeon)

   Attacks with this weapon are significantly faster.
   It affects your intelligence (+6).
   It protects you from fire.
 H - a +5 vorpal broad axe
Missiles
 k - 346 bolts
 D - 4 throwing nets (quivered)
 V - 5 curare-tipped darts
Armour
 r - a +1 kite shield (worn)
 L - a +1 chain mail of poison resistance (worn)
 R - a +2 cloak (worn)
 S - a +1 hat (worn)
 T - a +0 pair of boots (worn)
 W - a +2 ring mail of poison resistance
Jewellery
 C - an amulet of faith (around neck)
 F - a ring of flight (left hand)
 J - a +6 ring of intelligence (right hand)
Wands
 b - a wand of disintegration (33)
 m - a wand of flame (13)
 P - a wand of polymorph (5)
 Q - a wand of clouds (4)
 Y - a wand of digging (8)
Scrolls
 c - 10 scrolls of remove curse
 f - 9 scrolls of teleportation {tele?, unknown}
 i - 19 scrolls of identify
 l - a scroll of noise {unknown}
 n - a scroll of enchant armour
 q - 2 scrolls of amnesia
 y - 3 scrolls of fear
 A - 2 scrolls of enchant weapon {unknown}
 B - 3 scrolls of immolation
 K - 3 scrolls of magic mapping {unknown}
 M - 5 scrolls of fog {unknown}
 N - 2 scrolls of random uselessness {unknown}
 O - 2 scrolls of blinking {unknown}
Potions
 d - 4 potions of might
 e - 2 potions of heal wounds {unknown}
 g - a potion of berserk rage
 h - 2 potions of stabbing
 j - a potion of resistance {unknown}
 o - 2 potions of invisibility {unknown}
 p - a potion of ambrosia {unknown}
 s - 2 potions of curing
 v - 5 potions of brilliance
 x - a potion of mutation
 E - a potion of haste
 G - 4 potions of flight {unknown}
Comestibles
 z - 29 rations


   Skills:
 + Level 8.0 Fighting
 + Level 12.4 Axes
 - Level 13.4 Crossbows
 + Level 8.1 Armour
 + Level 6.5 Dodging
 + Level 12.6 Shields


You had 11 spell levels left.
You didn't know any spells.
Your spell library contained the following spells:

 Spells                   Type           Power        Failure   Level  Hunger
 Corona                   Hex            #......      94%         1    ##.....
 Magic Dart               Conj           #...         94%         1    ##.....
 Blink                    Tloc           N/A          98%         2    ###....
 Call Imp                 Summ           #.......     98%         2    ###....
 Slow                     Hex            #.......     98%         2    ###....
 Conjure Flame            Conj/Fire      #.......     100%        3    ####...
 Inner Flame              Hex/Fire       #.......     100%        3    ####...
 Mephitic Cloud           Conj/Pois/Air  #.......     100%        3    ####...
 Portal Projectile        Hex/Tloc       #.....       100%        3    ####...
 Recall                   Summ/Tloc      N/A          100%        3    ####...
 Cause Fear               Hex            #.........   100%        4    #####..
 Leda's Liquefaction      Hex/Erth       #.........   100%        4    #####..
 Aura of Abjuration       Summ           #.........   100%        5    ######.
 Summon Demon             Summ           #.........   100%        5    ######.
 Summon Forest            Summ/Tloc      #.........   100%        5    ######.
 Summon Mana Viper        Hex/Summ       #.......     100%        5    ######.
 Shadow Creatures         Summ           N/A          100%        6    #######


Dungeon Overview and Level Annotations

Branches:
Dungeon (12/15)            Temple (0/1) D:6            Lair (2/6) D:10
  Snake (1/4) Lair:2          Orc (0/2) D:11
  Swamp: Lair:2-4    Shoals: Lair:2-4

Altars:
Ashenzari
Cheibriados
Fedhas
Gozag
Makhleb
Nemelex Xobeh
Okawaru
Trog
Uskayaw
Vehumet
Wu Jian
Yredelemnul
Zin
The Shining One
Beogh

Shops:
D:4 :   D:7 %   D:10 =   Snake:1 [


Innate Abilities, Weirdness & Mutations

You reflexively headbutt those who attack you in melee.
You have a pair of horns on your head.


Message History

You block the mana viper's attack. x2
You block the mana viper's attack. The mana viper bites you!
* * * LOW HITPOINT WARNING * * *
You feel your power leaking away. The mana viper closely misses you.
The mana viper bites you!
* * * LOW HITPOINT WARNING * * *
You feel your power leaking away. The mana viper bites you.
* * * LOW HITPOINT WARNING * * *
You block the mana viper's attack.
You feel yourself speed up.
The mana viper bites you but does no damage.
The mana viper closely misses you. You furiously retaliate!
You headbutt the mana viper! The mana viper barely misses you.
You furiously retaliate!
You headbutt the mana viper.
There is a staircase back to the Lair here.
The mana viper bites you!
You die...

.......................
.............#...........
..#...%...##.........#...
...##...............##...
....?...#........# ....
#..#......).....## #..
#..#....####....####..
#...[..#####.....##...
#...@S.#..S.S...##....
.....#...S##..S.##.S.....
.... #....SSS...###......
..........####### #......
##.#....##... #......
#..... ###............
....... .........##
###...... ........####
##..... ...^...###..


You could see 4 mana vipers and a black mamba.

Vanquished Creatures
  Gastronok (D:8)
  Kirke (D:12)
  Harold (D:8)
  A hydra (D:9)
  4 two-headed ogres
  An unseen horror (D:12)
  An orc knight (D:11)
  4 black mambas
  2 naga magi (Snake:1)
  2 centaur skeletons
  2 spiny frogs (Lair:1)
  Maggie (D:8)
  2 komodo dragons
  2 hippogriffs
  2 dream sheep (D:9)
  2 shadows
  3 wraiths
  3 hogs (D:12)
  16 yaks
  A wyvern (D:12)
  A basilisk (Lair:1)
  2 steam dragons (D:11)
  A hungry ghost (D:12)
  4 vampire mosquitoes (D:12)
  A naga (Snake:1)
  A water moccasin (D:5)
  2 porcupines (Lair:1)
  2 hell hounds (Lair:1)
  3 ice beasts
  14 orc warriors
  An eye of draining (D:9)
  2 black bears
  8 ogres
  2 necrophages
  A phantom (D:7)
  3 centaurs
  6 crocodiles
  The ghost of zxspectator the Cudgeler, an amateur GrGl (D:3)
  6 big kobolds
  2 wyvern zombies
  6 bullfrogs
  A wyvern skeleton (D:7)
  2 scorpions
  A water moccasin skeleton (D:6)
  10 killer bees (D:8)
  A troll zombie (D:9)
  4 wights (D:12)
  A howler monkey (D:4)
  4 crimson imps
  A centaur zombie (D:6)
  7 hounds
  4 human zombies (D:9)
  10 orc priests
  A jelly (D:9)
  Crazy Yiuf (D:3)
  3 bullfrog skeletons
  4 iguanas
  4 orc wizards
  A human skeleton (D:9)
  12 worker ants
  A hound skeleton (D:6)
  A howler monkey zombie (D:6)
  3 mummies (D:9)
  2 worker ant zombies
  7 gnolls
  A howler monkey skeleton (D:4)
  16 adders
  3 shadow imps
  An ooze (D:1)
  3 adder skeletons
  5 worms
  5 dart slugs
  2 leopard geckos
  59 orcs
  8 bats
  4 giant cockroaches
  8 goblins
  6 hobgoblins
  7 jackals
  4 quokkas
  4 frilled lizards (D:1)
  24 kobolds
  An orc zombie (D:9)
  12 rats
380 creatures vanquished.

Notes
Turn   | Place    | Note
-------+----------+-------------------------------------------
     0 | D:1      | Auros the Minotaur Fighter began the quest for the Orb.
     0 | D:1      | Reached XP level 1. HP: 19/19 MP: 0/0
    68 | D:1      | Reached XP level 2. HP: 26/26 MP: 1/1
   346 | D:1      | Reached XP level 3. HP: 31/31 MP: 2/2
   959 | D:2      | Reached skill level 5 in Shields
   959 | D:2      | Reached XP level 4. HP: 23/39 MP: 3/3
  1292 | D:2      | Found an iron altar of Okawaru.
  1301 | D:2      | Became a worshipper of Warmaster Okawaru
  1492 | D:2      | Noticed a moth of wrath
  1494 | D:2      | Found a bloodstained altar of Trog.
  1790 | D:3      | Found a runed translucent door.
  1790 | D:3      | Noticed a bullfrog
  1795 | D:3      | Reached XP level 5. HP: 45/45 MP: 4/4
  1813 | D:3      | Noticed zxspectator's ghost (amateur GrGl)
  2049 | D:3      | Reached skill level 5 in Axes
  2510 | D:3      | Found a runed translucent door.
  2511 | D:3      | Noticed Crazy Yiuf
  2520 | D:3      | Killed Crazy Yiuf
  3016 | D:3      | Reached XP level 6. HP: 45/51 MP: 5/5
  3223 | D:4      | Found a radiant altar of Vehumet.
  3288 | D:4      | Reached * piety under Okawaru
  3685 | D:4      | Reached XP level 7. HP: 57/57 MP: 6/6
  4006 | D:4      | Found Loec's Book Shoppe.
  4183 | D:5      | Entered Level 5 of the Dungeon
  4891 | D:5      | Reached ** piety under Okawaru
  5355 | D:3      | Killed zxspectator's ghost
  5355 | D:3      | Reached XP level 8. HP: 48/64 MP: 4/7
  5875 | D:6      | Found a staircase to the Ecumenical Temple.
  6128 | D:6      | Reached *** piety under Okawaru
  6654 | D:6      | Found an ornate altar of the Wu Jian Council.
  6654 | D:6      | Found a glowing silver altar of Zin.
  6710 | D:7      | Reached skill level 10 in Shields
  6885 | D:7      | Reached skill level 10 in Axes
  6899 | D:7      | Reached XP level 9. HP: 67/70 MP: 8/8
  7127 | D:7      | HP: 3/70 [orc warrior/+0 halberd (4)]
  7502 | D:7      | Found Vaov's Food Boutique.
  7600 | D:7      | Found a shattered altar of Ashenzari.
  7627 | D:7      | Got a fine hand crossbow
  7628 | D:7      | Identified the +11 hand crossbow of Annoyance {speed, rF+
                  | Int+6} (You found it on level 7 of the Dungeon)
  7709 | D:7      | Reached skill level 1 in Crossbows
  7741 | D:7      | Reached **** piety under Okawaru
  7741 | D:7      | Reached skill level 2 in Crossbows
  7823 | D:7      | Found a blossoming altar of Fedhas.
  7956 | D:7      | Found a burning altar of Makhleb.
  7996 | D:7      | Found a hide-covered altar of Uskayaw.
  8193 | D:8      | Reached skill level 3 in Crossbows
  8335 | D:8      | Reached skill level 4 in Crossbows
  8439 | D:8      | Reached skill level 5 in Crossbows
  8474 | D:8      | Reached skill level 6 in Crossbows
  8708 | D:8      | Found a glowing golden altar of the Shining One.
  8796 | D:8      | Noticed Harold
  8805 | D:8      | Killed Harold
  8805 | D:8      | Received a gift from Okawaru
  8805 | D:8      | Received a gift from Okawaru
  8805 | D:8      | Reached skill level 8 in Crossbows
  8897 | D:8      | Noticed Gastronok
  8923 | D:8      | Killed Gastronok
  8923 | D:8      | Reached ***** piety under Okawaru
  8923 | D:8      | Received a gift from Okawaru
  8923 | D:8      | Received a gift from Okawaru
  8923 | D:8      | Reached skill level 10 in Crossbows
  8923 | D:8      | Reached XP level 10. HP: 13/77 MP: 7/9
  9380 | D:8      | Found a sparkling altar of Nemelex Xobeh.
  9380 | D:8      | Noticed Maggie
  9390 | D:8      | Killed Maggie
  9390 | D:8      | Reached skill level 11 in Crossbows
  9391 | D:8      | Found an opulent altar of Gozag.
  9806 | D:9      | Noticed a two-headed ogre
  9818 | D:9      | Killed a two-headed ogre
  9818 | D:9      | Received a gift from Okawaru
  9818 | D:9      | Reached skill level 12 in Crossbows
 10270 | D:9      | Got an encrusted hand axe
 10271 | D:9      | Identified the +12 hand axe of Ocuarut {freeze, rF++ rC+}
                  | (You found it on level 9 of the Dungeon)
 10445 | D:9      | Found a basalt altar of Yredelemnul.
 10522 | D:9      | Found a snail-covered altar of Cheibriados.
 10623 | D:9      | Reached XP level 11. HP: 65/82 MP: 10/10
 10642 | D:9      | Received a gift from Okawaru
 10752 | D:9      | Noticed a two-headed hydra
 10762 | D:9      | Killed a two-headed hydra
 10762 | D:9      | Reached skill level 13 in Crossbows
 11145 | D:10     | Entered Level 10 of the Dungeon
 11493 | D:10     | Found a staircase to the Lair.
 11509 | D:10     | Noticed a two-headed ogre
 11526 | D:10     | Killed a two-headed ogre
 11526 | D:10     | Reached skill level 1 in Dodging
 11633 | D:10     | Found Puvyul's Jewellery Shop.
 12567 | D:11     | Found a roughly hewn altar of Beogh.
 12701 | D:11     | Found a staircase to the Orcish Mines.
 12817 | D:11     | Received a gift from Okawaru
 12952 | D:11     | Reached skill level 5 in Fighting
 13067 | D:11     | Reached skill level 5 in Armour
 13072 | D:11     | Received a gift from Okawaru
 13272 | D:11     | Found a roughly hewn altar of Beogh.
 13272 | D:11     | Noticed an orc knight
 13449 | D:11     | Received a gift from Okawaru
 14464 | D:11     | Killed an orc knight
 14574 | D:12     | Received a gift from Okawaru
 14762 | D:12     | Noticed a two-headed ogre
 14773 | D:12     | Killed a two-headed ogre
 14773 | D:12     | Received a gift from Okawaru
 14967 | D:12     | Reached XP level 12. HP: 96/96 MP: 11/11
 15022 | D:12     | Reached ****** piety under Okawaru
 15352 | D:12     | Noticed a two-headed ogre
 15378 | D:12     | Killed a two-headed ogre
 15455 | D:12     | Noticed Kirke
 15737 | D:12     | Killed Kirke
 15737 | D:12     | Reached skill level 5 in Dodging
 16054 | Lair:1   | Entered Level 1 of the Lair of Beasts
 16538 | Lair:1   | Received a gift from Okawaru
 17454 | Lair:2   | Found a staircase to the Snake Pit.
 17465 | Snake:1  | Entered Level 1 of the Snake Pit
 17484 | Snake:1  | Received a gift from Okawaru
 17794 | Snake:1  | Received a gift from Okawaru
 17803 | Snake:1  | Found Ageh's Antique Armour Emporium.
 17850 | Snake:1  | Slain by a mana viper

Illustrated notes

Levels and vault maps discovered:
D:1:      dpeg_arrival_stonehenge_8_columns, layout_basic
D:2:      layout_basic, okawaru_metal_pillars_1_2, tgw_trog
D:3:      minmay_wonky_spiral, layout_basic, ebering_ghost_sewer_d,
          kennysheep_small_spiral, uniq_crazy_yiuf_cottage
D:4:      cheibrodos_thug_alley, layout_cave_pools, vehumet_altar_wand_db,
          serial_shops, nicolae_shop_behind_doors, first_ration
D:5:      layout_basic
D:6:      layout_gridville, gammafunk_temple_overflow_wave,
          minmay_temple_entry_sparse_star
D:7:      layout_loops_corners, makhleb_grotto_becter, fedhas_altar_4,
          nicolae_ashenzari_panopticon, lemuel_coloured_pillars_altar,
          serial_shops, shop_coins
D:8:      layout_loops_ring, grunt_temple_overflow_opulence,
          overflow_temple_1_default, uniq_gastronok, uniq_harold, uniq_maggie
D:9:      layout_roguey, lemuel_mausoleum_altar_yredelemnul,
          cheibriados_altar_1, serial_co_window_serial, co_window_paths_a,
          co_window_of_opportunity_a, co_window_paths_a,
          co_window_of_opportunity_a, co_window_of_opportunity_a,
          co_window_paths_c, co_window_corner_b, co_window_unsneaky_path_b,
          co_window_paths_c, co_window_broadway_b, co_window_4corner_b,
          co_window_paths_d, glass_columns_b, glass_columns_a, glass_columns_b,
          glass_columns_b, glass_columns_a, hangedman_ranch
          [blue_anna_fruit_fields], bh_walls_and_bars
D:10:     layout_grid_maze, lair_entry_dummy, serial_shops, kennysheep_mini
D:11:     layout_roguey [special_room_orc], david_orc_5,
          kennysheep_generic_room_13
D:12:     layout_basic, uniq_kirke
Lair:1:   layout_chaotic_city, enter_volcano_3
Lair:2:   layout_layer_cave, dummy_snake_entry
Snake:1:  dpeg_oklob_gauntlet, layout_onion_interference, serial_shops,
          bzr_entry_gold, nicolae_shop_crystal, shop, shop, serial_bayou_shore_b

Skill      XL: |  1  2  3  4  5  6  7  8  9 10 11 12 |
---------------+-------------------------------------+-----
Shields        | 4 5 6 7 8 10 11 12 | 12.6
Axes           | 3 4 5 6 8 10 11 12 | 12.4
Crossbows      | 10 12 13 | 13.4
Fighting       | 6 8 |  8.0
Armour         | 5 8 |  8.1
Dodging        | 4 6 |  6.5

Action                   |  1- 3 |  4- 6 |  7- 9 | 10-12 || total
-------------------------+-------+-------+-------+-------++-------
Melee: War axe           |    86 |   170 |   351 |    50 ||   657
       Headbutt          |    16 |    21 |    60 |   102 ||   199
       Hand axe          |       |       |       |   474 ||   474
       Unarmed           |       |       |       |     5 ||     5
 Fire: Hand crossbow     |       |       |    11 |    54 ||    65
Invok: Heroism           |       |       |     6 |     3 ||     9
  Use: Scroll            |       |       |     5 |     1 ||     6
       Potion            |       |       |     3 |     1 ||     4
  Eat: Chunk             |       |     9 |    13 |    21 ||    43
       Ration            |       |       |     1 |     2 ||     3
Armor: Scale mail        |    39 |    66 |    29 |       ||   134
       Plate armour      |       |       |    20 |       ||    20
       Chain mail        |       |       |    38 |   132 ||   170
Dodge: Dodged            |    25 |    60 |    73 |   107 ||   265
Block: Kite shield       |    43 |    94 |   181 |   276 ||   594
